 Dungeon Crawl Stone Soup version 0.30.0-18-gc0e69614cb (webtiles) character file.

Game seed: 6619357817201806200

1150 monsoonserge the Grave Robber (level 8, -5/57 HPs)
             Began as a Mummy Necromancer on May 24, 2023.
             Slain by a wight
             ... wielding a +2 battleaxe
              (14 damage)
             ... on level 6 of the Dungeon.
             The game lasted 00:20:25 (4602 turns).

monsoonserge the Grave Robber (Mummy Necromancer)   Turns: 4602, Time: 00:20:27

Health: -5/57      AC:  6    Str: 11    XL:     8   Next: 15%
Magic:  14/14      EV: 12    Int: 17    God:
Gold:   271        SH:  0    Dex: 18    Spells: 7/15 levels left

rFire   x . .        b - +4 flail (drain)
rCold   + . .        (no shield)
rNeg    + + +        n - +0 leather armour
rPois   ∞            r - +0 helmet
rElec   .            (no cloak)
rCorr   .            (no gloves)
SInv    .            j - +1 pair of boots
Will    +....        (no amulet)
Stlth   ++           h - ring of flight
HPRegen 0.29/turn    v - +6 ring of dexterity
MPRegen 0.14/turn

%: faith
@: flying
A: cold resistance 1, negative energy resistance 3, torment resistance 2, heat
vulnerability 1, in touch with death 1, no potions, faith
a: no special abilities


You were on level 6 of the Dungeon.
You visited 1 branch of the dungeon, and saw 6 of its levels.

You collected 271 gold pieces.

Inventory:

Hand Weapons
 a - a +2 sling of draining
 b - a +4 flail of draining (weapon)
 w - a +1 vampiric dagger
 z - a +1 long sword of draining
Missiles
 e - 56 stones
 i - 16 poisoned darts
 u - 3 boomerangs of dispersal
Armour
 f - a +0 chain mail
 j - a +1 pair of boots (worn)
 m - a +0 ring mail
 n - a +0 leather armour (worn)
 p - a +0 scale mail
 r - a +0 helmet (worn)
Magical Staves
 y - a staff of conjuration
Jewellery
 d - a +4 ring of slaying
 h - a ring of flight (left hand)
 v - a +6 ring of dexterity (right hand)
Wands
 g - a wand of flame (10)
Scrolls
 c - 7 scrolls of teleportation {unknown}
 k - a scroll of enchant armour {unknown}
 l - 8 scrolls of identify {unknown}
 o - 3 scrolls of blinking {unknown}
 q - a scroll of torment {unknown}
 s - 2 scrolls of fog {unknown}
 t - a scroll of fear {unknown}
 x - a scroll of immolation {unknown}


   Skills:
 + Level 2.6 Fighting
 + Level 1.4 Long Blades
 + Level 0.3 Maces & Flails
 + Level 4.7 Ranged Weapons
 * Level 3.0 Armour
 + Level 2.2 Dodging
 - Level 2.0 Stealth
 + Level 0.1 Unarmed Combat
 - Level 4.0 Spellcasting
 + Level 5.6 Necromancy


You had 7 spell levels left.
You knew the following spells:

 Your Spells              Type           Power      Damage    Failure   Level
a - Necrotise             Necr           100%       1d9       1%          1
b - Vampiric Draining     Necr           34%        2d8       6%          3
c - Animate Dead          Necr           34%        N/A       19%         4

Your spell library contained the following spells:

 Spells                   Type           Power      Damage    Failure   Level
 Ensorcelled Hibernation  Hex/Ice        6%         N/A       30%         2
 Agony                    Necr           34%        N/A       47%         5
 Dazzling Flash           Conj/Hex       6%         N/A       52%         3
 Ozocubu's Armour         Ice            3%         N/A       52%         3
 Volatile Blastmotes      Fire/Tloc      6%         2d10      52%         3
 Anguish                  Hex/Necr       9%         N/A       52%         4
 Iskenderun's Mystic Bla  Conj/Tloc      3%         2d3       89%         4
 Metabolic Englaciation   Hex/Ice        1%         N/A       99%         5
 Simulacrum               Ice/Necr       9%         N/A       100%        6
 Starburst                Conj/Fire      1%         6d3       100%        6
 Spider Form              Tmut/Pois      Unusable   N/A       N/A         3

Dungeon Overview and Level Annotations

Branches:
Dungeon (6/15)             Temple (0/1) D:6

Altars:
Ashenzari
Gozag
Makhleb
Qazlal
Trog

Shops:
D:1 ?

Annotations:
D:4 2 transporters, BleedingAnus's ghost, amateur MiMo


Innate Abilities, Weirdness & Mutations

You are immune to poison.
Your flesh is cold resistant. (rC+)
You are immune to negative energy. (rN+++)
You are immune to unholy pain and torment.
You are vulnerable to heat. (rF-)
You are in touch with the powers of death.
You do not drink.
You have a special connection with the divine. (Faith)


Message History

The sling bullet hits the wight but does no damage.
Unknown command.
Fire: a) +2 sling (drain)
Press: ? - help, Q - select action, (/) - cycle Shift-Dir - straight line, f/p - wight
Aim: a wight, wielding a +2 battleaxe and wearing a +0 robe (64% to hit)
You shoot a sling bullet.
The sling bullet hits the wight but does no damage.
Unknown command.
Fire: a) +2 sling (drain)
Press: ? - help, Q - select action, (/) - cycle Shift-Dir - straight line, f/p - wight
Aim: a wight, wielding a +2 battleaxe and wearing a +0 robe (64% to hit)
You shoot a sling bullet.
The sling bullet closely misses the wight.
The sling bullet hits the wight!
The wight is heavily damaged.
Fire: a) +2 sling (drain)
Press: ? - help, Q - select action, (/) - cycle Shift-Dir - straight line, f/p - wight
Aim: a wight, wielding a +2 battleaxe and wearing a +0 robe (64% to hit)
You shoot a sling bullet.
The sling bullet hits the wight but does no damage.
Unknown command.
You sense an unholy aura.
b - a +4 flail of draining (weapon)
Unknown command.
You hit the wight.
The wight is lightly damaged.
The wight hits you with a +2 battleaxe!!
The wight closely misses you. x2; The wight barely misses you.
You barely miss the wight.
The wight is heavily damaged.
The wight hits you with a +2 battleaxe. The wight hits you with a +3 scimitar.
You barely miss the wight.
The wight is heavily damaged.
The wight hits you with a +2 battleaxe! The wight barely misses you.
You barely miss the wight.
The wight is heavily damaged.
The wight hits you with a +2 battleaxe!
* * * LOW HITPOINT WARNING * * *
The wight barely misses you. The wight hits you with a +2 battleaxe!
You die...

#>##.#...#
#.##.#####
####'##.#
#.....#.######
#....<.......#
#.....######.#
#......# #.#
#......#
#)#######.
###..#.#
#.@z......
#..#.#
##z#######
#..#.# #.#
#.##.# #.#
#.##.# #'#
#.##.#####⌠.⌠
#........#.>.#
##########⌠.⌠#


You could see 2 wights.

Vanquished Creatures
  Edmund (D:6)
  A water moccasin (D:4)
  A black bear (D:6)
  2 phantoms (D:5)
  A scorpion (D:5)
  3 wights (D:6)
  4 orc priests
  2 hounds (D:5)
  Natasha (thrice) (D:3)
  3 orc wizards
  Robin (D:2)
  3 adders
  A worm (D:2)
  3 dart slugs
  15 orcs
  6 endoplasms
  3 giant cockroaches
  16 goblins
  10 hobgoblins
  4 jackals (D:4)
  5 kobolds
  2 quokkas
  4 ball pythons
  5 bats (D:1)
  3 frilled lizards
  3 rats
105 creatures vanquished.

Vanquished Creatures (collateral kills)
  A ball python (D:1)
  An endoplasm (D:1)
  A frilled lizard (D:1)
3 creatures vanquished.

Grand Total: 108 creatures vanquished

Notes
Turn   | Place    | Note
-------+----------+-------------------------------------------
     0 | D:1      | monsoonserge the Mummy Necromancer began the quest for the
                  | Orb.
     0 | D:1      | Reached XP level 1. HP: 13/13 MP: 4/4
    90 | D:1      | Reached XP level 2. HP: 19/19 MP: 2/5
   521 | D:1      | Gained mutation: You are in touch with the powers of death.
                  | [Mummy growth]
   521 | D:1      | Reached XP level 3. HP: 23/24 MP: 2/7
   711 | D:1      | Found Zecaror's Magic Scroll Emporium.
   805 | D:1      | Learned a level 3 spell: Vampiric Draining
  1103 | D:2      | Noticed Robin
  1121 | D:2      | Reached skill level 1 in Ranged Weapons
  1123 | D:2      | Killed Robin
  1262 | D:2      | Reached XP level 4. HP: 30/30 MP: 8/8
  1581 | D:2      | You are sucked into a shaft and drop 1 floor!
  1766 | D:3      | Found a bloodstained altar of Trog.
  2005 | D:3      | Noticed Natasha
  2009 | D:3      | Killed Natasha
  2010 | D:3      | Reached XP level 5. HP: 36/36 MP: 7/9
  2236 | D:3      | Noticed Natasha
  2238 | D:3      | Killed Natasha
  2354 | D:3      | Noticed Natasha
  2358 | D:3      | Killed Natasha
  2359 | D:3      | Reached skill level 1 in Fighting
  2359 | D:3      | Reached skill level 1 in Armour
  2445 | D:4      | Noticed a sky beast
  2445 | D:4      | Found a transporter.
  2495 | D:4      | Noticed BleedingAnus's ghost (amateur MiMo)
  2556 | D:4      | Noticed a water moccasin
  2569 | D:4      | Killed a water moccasin
  2570 | D:4      | Reached skill level 5 in Necromancy
  2570 | D:4      | Reached XP level 6. HP: 28/43 MP: 3/11
  2690 | D:5      | Entered Level 5 of the Dungeon
  3075 | D:5      | Reached XP level 7. HP: 39/49 MP: 12/12
  3325 | D:4      | Found an opulent altar of Gozag.
  3353 | D:4      | Learned a level 4 spell: Animate Dead
  3492 | D:4      | Found a transporter.
  3827 | D:5      | Found a burning altar of Makhleb.
  3880 | D:5      | Found a stormy altar of Qazlal.
  3916 | D:5      | Found a broken altar of Ashenzari.
  4344 | D:6      | Noticed Edmund
  4349 | D:6      | Reached skill level 1 in Long Blades
  4354 | D:6      | Killed Edmund
  4507 | D:6      | Reached XP level 8. HP: 57/57 MP: 14/14
  4519 | D:6      | Found a staircase to the Ecumenical Temple.
  4602 | D:6      | Slain by a wight

Illustrated notes

Levels and vault maps discovered:
D:1:      amcnicky_arrival_blooded_trapdoor, layout_basic, serial_shops,
          nicolae_shop_rolling_square, chequers_decorated_corner,
          minmay_surrounded
D:2:      layout_loops_cross, uniq_robin
D:3:      layout_loops_cross, trog_book, uniq_natasha
D:4:      layout_basic, grunt_temple_overflow_gold_and_silver,
          gammafunk_ghost_arena
D:5:      layout_gridville, cheibrodos_ashenzari_chains, kennysheep_mini_moat,
          kennysheep_little_box
D:6:      lemuel_slime, layout_basic, temple_doors_e, st_stairs_8, minmay_puff,
          uniq_edmund

Skill      XL: |  1  2  3  4  5  6  7  8 |
---------------+-------------------------+-----
Spellcasting   | 3 4 |  4.0
Ranged Weapons | 1 2 3 4 |  4.7
Fighting       | 1 2 |  2.6
Armour         | 1 2 3 |  3.0
Stealth        | 2 |  2.0
Necromancy     | 5 |  5.6
Dodging        | 2 |  2.2
Long Blades    | 1 |  1.4
Maces & Flails | |  0.3
Unarmed Combat | |  0.1

Action                     |  1- 3 |  4- 6 |  7- 9 || total
---------------------------+-------+-------+-------++-------
  Melee: Club              |     2 |       |       ||     2
         Unarmed           |     2 |       |       ||     2
         Long sword        |       |    10 |    20 ||    30
         Flail             |       |       |    17 ||    17
         Punch             |       |       |     1 ||     1
   Fire: Sling             |    59 |    68 |    75 ||   202
   Cast: Necrotise         |    25 |     9 |     2 ||    36
         Vampiric Draining |     2 |     9 |     2 ||    13
   Stab: Sleeping          |     1 |       |     1 ||     2
 Armour: Robe              |     9 |       |       ||     9
         Leather armour    |     5 |    23 |    22 ||    50
  Dodge: Dodged            |    22 |    48 |    58 ||   128
